 Dungeon Crawl Stone Soup version 0.23.2-33-g5129a83184 (webtiles) character file.

Game seed: 13493897479267278936

112 Atelerd the Magician (level 4, 0/27 HPs)
             Began as an Octopode Wizard on July 10, 2019.
             Slain by Purgy (4 damage)
             ... on level 2 of the Dungeon.
             The game lasted 00:04:51 (2468 turns).

Atelerd the Magician (Octopode Wizard)              Turns: 2468, Time: 00:04:52

Health: 0/27       AC:  1    Str:  6    XL:     4   Next: 95%
Magic:  6/9        EV: 13    Int: 21    God:
Gold:   138        SH:  0    Dex: 10    Spells: 3/10 levels left

rFire    . . .     SeeInvis .   p - +2 trident (venom)
rCold    . . .     Gourm    .   (no shield)
rNeg     . . .     Faith    .   a - +0 hat
rPois    .         Spirit   .   (no amulet)
rElec    .         Reflect  .   (no ring)
rCorr    .         Harm     .   (no ring)
MR       .....                  (no ring)
Stlth    +++.......             (no ring)
HPRegen  0.09/turn              (no ring)
MPRegen  0.11/turn              (no ring)
                                (no ring)
                                (no ring)

@: very slightly contaminated
A: almost no armour, stealthy swim, amphibious, 8 rings, constrict 8, camouflage
1, gelatinous body 1
a: no special abilities


You were on level 2 of the Dungeon.
You were very hungry.

You visited 1 branch of the dungeon, and saw 3 of its levels.

You collected 138 gold pieces.

Inventory:

Hand Weapons
 b - a +0 dagger of venom
 p - a +2 trident of venom (weapon)
Missiles
 q - 19 poisoned needles
Armour
 a - a +0 hat (worn)
Jewellery
 n - a cursed ring of attention {unknown}
Scrolls
 d - 2 scrolls of remove curse {unknown}
 g - 2 scrolls of amnesia {unknown}
 h - a scroll of enchant weapon {unknown}
 i - 3 scrolls of enchant armour {unknown}
 k - 4 scrolls of teleportation {unknown}
 l - 5 scrolls of identify {unknown}
 o - 3 scrolls of fear {unknown}
 r - a scroll of random uselessness {unknown}
Potions
 e - a potion of resistance {unknown}
 f - a potion of curing {unknown}
 j - 3 potions of flight
 m - a potion of degeneration {unknown}
Comestibles
 c - 5 rations


   Skills:
 - Level 2.0 Dodging
 - Level 2.6 Stealth
 + Level 3.8 Spellcasting
 * Level 3.7 Conjurations
   Level 1.0 Summonings
   Level 1.0 Translocations


You had 3 spell levels left.
You knew the following spells:

 Your Spells              Type           Power        Failure   Level  Hunger
a - Magic Dart            Conj           ###.         2%          1    None
b - Mephitic Cloud        Conj/Pois/Air  #.......     22%         3    ###....
d - Conjure Flame         Conj/Fire      ##......     17%         3    ###....

Your spell library contained the following spells:

 Spells                   Type           Power        Failure   Level  Hunger
 Blink                    Tloc           N/A          12%         2    #......
 Call Imp                 Summ           #.......     12%         2    #......
 Slow                     Hex            #.......     19%         2    #......


Dungeon Overview and Level Annotations

Branches:
Dungeon (3/15)

Altars:
Kikubaaqudgha
Zin
The Shining One

Annotations:
D:1 exclusion: downstairs
D:2 Purgy


Innate Abilities, Weirdness & Mutations

You cannot wear most types of armour.
You are very stealthy in the water. (Stealth+)
You are amphibious.
You can wear up to eight rings at the same time.
You can use your tentacles to constrict eight enemies at once.
Your skin changes colour to match your surroundings (Stealth+).
Your rubbery body absorbs attacks. (AC +1, EV +1)


Message History

Unknown command.
Casting: Mephitic Cloud (safe; 22% risk of failure)
Confirm with . or Enter, or press ? or * to list all spells.
Aiming: Mephitic Cloud (safe; 22% risk of failure)
Press: ? - help, Shift-Dir - straight line, f - Purgy
Aim: Purgy That beam is likely to hit you.
Continue anyway?
You miscast Mephitic Cloud.
You are very lightly contaminated with residual magic.
The wind howls around you!
You are feeling very hungry.
Purgy bites you.
* * * LOW HITPOINT WARNING * * *
Purgy barely misses you. Purgy claws you.
* * * LOW HITPOINT WARNING * * *
Purgy hisses menacingly.
Purgy bites you.
* * * LOW HITPOINT WARNING * * *
Purgy misses you. Purgy claws you.
You die...

# #.# #.....#......###.#########
###.# #.....######.##...........
.##.########)#....#.############.
..........##...........# #.
.##.####.#.....###...[.# #.
.##.#..#...............# #.
.##.#..###.###.#.#.....# #.
.##.#......##..#T#.....# #.
..)............#@####### #.
#.#.#.#........#.# #.
....#.#.###....#.# #####.
##..#.#.##.......# #.....
....#.#.##..###### ########.####
#.#>#.#.##..# #........#
#.....#.##..# #.########
###.###.##..# #.# #.......##..#
#.#


You could see Purgy.

Vanquished Creatures
  Jessica (D:2)
  Terence (D:2)
  An orc wizard (D:2)
  A leopard gecko (D:1)
  4 orcs (D:2)
  2 giant cockroaches
  4 goblins
  3 hobgoblins
  A quokka (D:2)
  7 bats
  A frilled lizard (D:1)
  8 rats
34 creatures vanquished.

Notes
Turn   | Place    | Note
-------+----------+-------------------------------------------
     0 | D:1      | Atelerd the Octopode Wizard began the quest for the Orb.
     0 | D:1      | Reached XP level 1. HP: 11/11 MP: 4/4
   137 | D:1      | Reached XP level 2. HP: 17/17 MP: 3/6
   813 | D:2      | Found a glowing golden altar of the Shining One.
   827 | D:2      | Noticed Jessica
   836 | D:2      | Killed Jessica
   836 | D:2      | Reached XP level 3. HP: 7/21 MP: 0/7
  1279 | D:1      | Learned a level 3 spell: Mephitic Cloud
  1283 | D:1      | Learned a level 3 spell: Conjure Flame
  1321 | D:2      | Found an ancient bone altar of Kikubaaqudgha.
  1361 | D:2      | Noticed Terence
  1377 | D:2      | Killed Terence
  1377 | D:2      | Reached XP level 4. HP: 27/27 MP: 2/9
  1456 | D:2      | Found a glowing silver altar of Zin.
  2277 | D:3      | Noticed Purgy
  2468 | D:2      | Slain by Purgy

Skill      XL: |  1  2  3 |
---------------+----------+-----
Conjurations   | 2 3 |  3.7
Dodging        | |  2.0
Stealth        | |  2.6
Spellcasting   | |  3.8
Summonings     | |  1.0
Translocations | |  1.0

Action                   |  1- 3 |  4- 6 || total
-------------------------+-------+-------++-------
Melee: Unarmed           |    21 |       ||    21
       Constrict         |     9 |     5 ||    14
       Tentacles         |     4 |     1 ||     5
       Dagger            |    14 |    12 ||    26
       Trident           |       |    13 ||    13
 Cast: Magic Dart        |    24 |     7 ||    31
       Mephitic Cloud    |     2 |     2 ||     4
  Use: Potion            |     2 |       ||     2
 Stab: Sleeping          |     3 |     4 ||     7
       Confused          |       |     1 ||     1
  Eat: Chunk             |       |     4 ||     4
Armor: Skin              |     2 |     1 ||     3
Dodge: Dodged            |    24 |    23 ||    47
